 Dungeon Crawl Stone Soup version 0.29.1-2-gbd0b4ee654 (webtiles) character file.

Game seed: 10265279382843080500

193 Firos the Insei (level 5, -3/35 HPs)
             Began as an Octopode Transmuter on Nov 8, 2022.
             Slain by a gnoll
             ... wielding a +0 flail
              (10 damage)
             ... on level 3 of the Dungeon.
             The game lasted 00:04:41 (2308 turns).

Firos the Insei (Octopode Transmuter)               Turns: 2308, Time: 00:04:42

Health: -3/35      AC:  1    Str:  9    XL:     5   Next: 72%
Magic:  2/9        EV: 13    Int: 18    God:
Gold:   145        SH:  0    Dex: 12    Spells: 3/9 levels left

rFire   . . .      SeeInvis .     - Unarmed
rCold   . . .      Faith    .   (no shield)
rNeg    . . .      Spirit   .   (helmet currently unavailable)
rPois   .          Reflect  .   (no amulet)
rElec   .          Harm     .   (no ring)
rCorr   .          Rampage  .   (no ring)
Will    .....                   (no ring)
Stlth   ++........              (no ring)
HPRegen 0.11/turn               (no ring)
MPRegen 0.11/turn               (no ring)
                                (no ring)
                                (no ring)

@: mighty, appendages
A: tentacle spike 3, almost no armour, amphibious, 8 rings, camouflage 1,
gelatinous body 1, (nimble swimmer 1), tentacles
a: End Transformation


You were on level 3 of the Dungeon.
One of your tentacles had grown a beastly spike.
You visited 1 branch of the dungeon, and saw 3 of its levels.

You collected 145 gold pieces.

Inventory:

Wands
 g - a wand of roots (4)
Potions
 a - 3 potions of lignification
 b - a potion of brilliance
 d - a potion of ambrosia {unknown}
 e - a potion of flight {unknown}
 f - a potion of might
 j - a potion of mutation {unknown}


   Skills:
 + Level 2.4 Fighting
 + Level 3.1 Dodging
 + Level 3.8 Unarmed Combat
 + Level 2.9 Spellcasting
 + Level 3.0 Transmutations


You had 3 spell levels left.
You knew the following spells:

 Your Spells              Type           Power      Damage    Failure   Level
a - Beastly Appendage     Tmut           26%        N/A       4%          1
b - Wereblood             Tmut           13%        N/A       7%          2
c - Spider Form           Tmut/Pois      8%         N/A       26%         3

Your spell library contained the following spells:

 Spells                   Type           Power      Damage    Failure   Level
 Inner Flame              Hex/Fire       2%         N/A       45%         3
 Ice Form                 Ice/Tmut       8%         N/A       65%         4
 Cause Fear               Hex            1%         N/A       86%         4
 Discord                  Hex            1%         N/A       100%        8


Dungeon Overview and Level Annotations

Branches:
Dungeon (3/15)

Altars:


Innate Abilities, Weirdness & Mutations

One of your tentacles has grown a beastly spike.
You cannot wear most types of armour.
You are amphibious.
You can wear up to eight rings at the same time.
Your skin changes colour to match your surroundings (Stealth+).
Your rubbery body absorbs attacks. (AC +1, EV +1)
((You are camouflaged when in or above water. (Stealth+)))
You have tentacles for arms and can constrict up to eight enemies at once.


Message History

The gnoll completely misses you.
Aiming: Fastroot
Press: ? - help, Shift-Dir - straight line, f - gnoll, p - gnoll
Aim: a gnoll, wielding a +0 halberd and quivering 2 throwing nets (almost dead, constricted by roots)
The roots erupt in riotous growth!
The gnoll is unaffected. x2
The grasping roots constrict the gnoll. x2
You kill the gnoll!
The roots release their grip on the gnoll.
You are too injured to fight recklessly!
You barely miss the gnoll.
The gnoll is almost dead.
Your transformation has ended.
The gnoll hits you but does no damage.
You barely miss the gnoll. You grab the gnoll.
The gnoll is almost dead.
You constrict the gnoll, but do no damage.
The gnoll hits you with a +0 club.
Casting: Spider Form (quite dangerous; 26% risk of failure)
Confirm with . or Enter, or press ? or * to list all spells.
You don't have enough magic to cast this spell.
Casting: Spider Form (quite dangerous; 26% risk of failure)
Confirm with . or Enter, or press ? or * to list all spells.
One of your tentacles grows a vicious spike.
You constrict the gnoll. The gnoll hits you with a +0 club.
You bludgeon the gnoll!
You kill the gnoll!
The orc misses you.
You closely miss the orc. Your grab misses the orc.
Your tentacle spike misses the orc.
You tentacle-slap the orc.
The orc is almost dead.
You barely miss the orc. You grab the orc.
You pierce the orc.
You kill the orc!
The orc closely misses you.
You tentacle-slap the gnoll. Your grab misses the gnoll.
Your tentacle spike misses the gnoll.
The gnoll is heavily wounded.
The orc hits you with a +0 club.
* * * LOW HITPOINT WARNING * * *
The gnoll hits you with a +0 flail!
You die...

##..?.# .....#
####....#
.......# #...†#
..#.# #.#o#
#####.#o#
......#@#
####...g.#
.........######
###.....#....#
###.#.#....#
#.#.#....####
#.#.#........
#.#.#....#####
#.#..........#


You could see a gnoll and 2 orcs.

Vanquished Creatures
  Pargi (D:3)
  3 gnolls (D:3)
  An adder (D:2)
  2 worms (D:2)
  2 dart slugs
  2 orcs (D:3)
  3 ball pythons
  5 bats
  6 endoplasms
  2 giant cockroaches
  4 goblins
  2 hobgoblins (D:1)
  4 jackals (D:2)
  2 frilled lizards
  4 kobolds
  5 rats
48 creatures vanquished.

Vanquished Creatures (others)
  9 fungi (D:2)
  5 toadstools (D:2)
14 creatures vanquished.

Grand Total: 62 creatures vanquished

Notes
Turn   | Place    | Note
-------+----------+-------------------------------------------
     0 | D:1      | Firos the Octopode Transmuter began the quest for the Orb.
     0 | D:1      | Reached XP level 1. HP: 13/13 MP: 3/3
   298 | D:1      | Reached XP level 2. HP: 16/18 MP: 5/5
   301 | D:1      | Learned a level 2 spell: Wereblood
  1323 | D:2      | Reached XP level 3. HP: 16/23 MP: 2/6
  1883 | D:2      | Reached XP level 4. HP: 24/29 MP: 7/7
  1889 | D:2      | Learned a level 3 spell: Spider Form
  2280 | D:3      | Noticed Pargi
  2295 | D:3      | Killed Pargi
  2296 | D:3      | Reached XP level 5. HP: 15/34 MP: 2/9
  2308 | D:3      | Slain by a gnoll

Illustrated notes

Levels and vault maps discovered:
D:1:      dpeg_arrival_windows_large_door, layout_loops_corners
D:2:      layout_basic, nrook_mini_backslash, minmay_gold_behind_fungi
D:3:      gammafunk_wand_slinger, layout_basic, gammafunk_ghost_arena,
          uniq_pargi, uniq_grinder, uniq_crazy_yiuf_cottage, uniq_robin

Skill      XL: |  1  2  3  4  5 |
---------------+----------------+-----
Fighting       | 2 |  2.4
Dodging        | 3 |  3.1
Transmutations | 3 |  3.0
Unarmed Combat | |  3.8
Spellcasting   | |  2.9

Action                   |  1- 3 |  4- 6 || total
-------------------------+-------+-------++-------
Melee: Unarmed           |    93 |    21 ||   114
       Constrict         |    25 |     6 ||    31
       Tentacles         |    18 |     1 ||    19
       Punch             |     3 |     1 ||     4
       Kick              |    11 |     1 ||    12
 Cast: Beastly Appendage |     3 |     1 ||     4
       Wereblood         |     2 |       ||     2
       Spider Form       |       |     1 ||     1
Evoke: Wand              |       |     4 ||     4
  Use: Potion            |     1 |     1 ||     2
       Scroll            |     1 |     4 ||     5
 Stab: Sleeping          |     6 |       ||     6
Armor: Skin              |     8 |     4 ||    12
Dodge: Dodged            |    48 |    28 ||    76
